 Dungeon Crawl Stone Soup version 0.30.1 (webtiles) character file.

Game seed: 16236389953923972711

46 cdecastro the Magician (level 3, 0/27 HPs)
             Began as a Djinni Fire Elementalist on July 11, 2023.
             Slain by a gnoll
             ... wielding a +0 club
              (5 damage)
             ... on level 2 of the Dungeon.
             The game lasted 00:03:26 (1928 turns).

cdecastro the Magician (Djinni Fire Elementalist)   Turns: 1928, Time: 00:03:29

Health: 0/27       AC:  2    Str:  7    XL:     3   Next: 92%
Gold:   168        EV: 12    Int: 18    God:
                   SH:  0    Dex: 13

rFire   + + +        o - +0 whip
rCold   x . .        (no shield)
rNeg    . . .        a - +0 robe
rPois   ∞            (no helmet)
rElec   .            (no cloak)
rCorr   .            (no gloves)
SInv    .            (boots unavailable)
Will    .....        (no amulet)
Stlth   ++           j - ring of protection from fire
HPRegen 0.24/turn    (no ring)
MPRegen 0.00/turn

%: infuse magic (-1 HP)
@: flying
A: sickness immunity, fire resistance 2, cold vulnerability 1, float, innate
caster, HP casting, extra vitality 1
a: no special abilities


You were on level 2 of the Dungeon.
You visited 1 branch of the dungeon, and saw 3 of its levels.

You collected 168 gold pieces.

Inventory:

Hand Weapons
 o - a +0 whip (weapon)
Missiles
 d - 6 poisoned darts
Armour
 a - a +0 robe (worn)
Jewellery
 j - a ring of protection from fire (left hand)
Scrolls
 b - 4 scrolls of identify {unknown}
 e - a scroll of blinking {unknown}
 f - a scroll of fog {unknown}
 g - 2 scrolls of magic mapping {unknown}
 i - a scroll of butterflies {unknown}
 k - a scroll of acquirement {unknown}
 m - a scroll of immolation {unknown}
Potions
 c - a potion of degeneration {unknown}
 h - 2 potions of invisibility {unknown}
 l - a potion of mutation {unknown}
 n - a potion of might {unknown}


   Skills:
 + Level 1.5 Fighting
 - Level 2.1 Dodging
 - Level 1.5 Stealth
 * Level 3.2 Spellcasting


You knew the following spells:

 Your Spells              Type           Power      Damage    Failure   Level
a - Foxfire               Conj/Fire      56%        2x1d6     4%          1
b - Scorch                Fire           28%        2d6       6%          2
c - Volatile Blastmotes   Fire/Tloc      28%        2d12      13%         3
d - Inner Flame           Hex/Fire       14%        N/A       13%         3
e - Flame Wave            Conj/Fire      14%        2d6       38%         4
f - Apportation           Tloc           28%        N/A       4%          1
Your spell library was empty.

Dungeon Overview and Level Annotations

Branches:
Dungeon (3/15)

Altars:

Annotations:
D:3 Grinder


Innate Abilities, Weirdness & Mutations

You are immune to sickness and miasma.
You are immune to poison.
Your flesh is very heat resistant. (rF++)
You are vulnerable to cold. (rC-)
You float through the air rather than walking.
You learn spells naturally, not from books.
Your magical power is your life essence.
You have superior vitality. (+4 MHP)


Message History

The gnoll is severely wounded.
The gnoll's fire resistance burns away.
You hear a shout! x2
Casting: Scorch (safe; 7% risk of failure)
Confirm with . or Enter, or press ? or * to list all spells.
Flames lash the gnoll.
The gnoll is burned terribly!
You kill the gnoll!
Casting: Scorch (safe; 6% risk of failure)
Confirm with . or Enter, or press ? or * to list all spells.
Flames lash the goblin.
You kill the goblin!
A gnoll comes into view. It is wielding a +0 halberd.
There is a stone staircase leading up here.
Casting: Scorch (safe; 6% risk of failure)
Confirm with . or Enter, or press ? or * to list all spells.
You can't see any susceptible monsters within range! (Use Z to cast anyway.)
Casting: Scorch (safe; 6% risk of failure)
Confirm with . or Enter, or press ? or * to list all spells.
Flames lash the gnoll.
The gnoll is lightly wounded.
The gnoll's fire resistance burns away.
Casting: Scorch (safe; 6% risk of failure)
Confirm with . or Enter, or press ? or * to list all spells.
Flames lash the gnoll.
The gnoll is heavily wounded.
The gnoll's fire resistance burns away.
The gnoll is no longer more vulnerable to fire.
The gnoll hits you with a +0 club.
The gnoll hits you from afar with a +0 halberd!
* * * LOW HITPOINT WARNING * * *
You fly upwards.
There is a stone staircase leading down here.
Casting: Scorch (safe; 6% risk of failure)
Confirm with . or Enter, or press ? or * to list all spells.
Flames lash the gnoll.
The gnoll is severely wounded.
The gnoll's fire resistance burns away.
* * * LOW HITPOINT WARNING * * *
The gnoll hits you with a +0 club.
You die...

##.# ##'## #>#.#.## #..####
##...## #.##.## ......#
##.....## #.#### #.##..#
##.......## ##.##
#.#...####........)####...##
.........'.........'.......#
.#....####.........####...##
...#..# ##....g..## ##.##
##.##.# ##....@## #.#
##.##.#######...## #.####
..........# ##'## #....#
##..#####.# #.# #..#.# #..#
###.####.### ##...# #..#
#†.........# ##.## ##..#
#.#.###....# #.#
#...###.#.##.....# #.#
.#......#.###....# #.#


You could see a gnoll (combustible).

Vanquished Creatures
  An adder (D:2)
  A gnoll (D:3)
  A worm (D:2)
  A dart slug (D:1)
  2 ball pythons
  An endoplasm (D:2)
  2 giant cockroaches
  2 goblins
  4 hobgoblins (D:2)
  A kobold (D:1)
  2 bats
  2 frilled lizards
  2 rats (D:2)
22 creatures vanquished.

Vanquished Creatures (others)
  66 foxfires
66 creatures vanquished.

Grand Total: 88 creatures vanquished

Notes
Turn   | Place    | Note
-------+----------+-------------------------------------------
     0 | D:1      | cdecastro the Djinni Fire Elementalist began the quest for
                  | the Orb.
     0 | D:1      | cdecastro set off with the following spells memorised:
                  | Foxfire, Scorch, Volatile Blastmotes, Inner Flame, Flame
                  | Wave.
     0 | D:1      | Reached XP level 1. HP: 15/15 MP: 0/0
   432 | D:1      | Reached XP level 2. HP: 20/22 MP: 0/0
   942 | D:2      | Reached skill level 1 in Fighting
   942 | D:2      | Reached XP level 3. HP: 18/27 MP: 0/0
   942 | D:2      | Learned a level 1 spell: Apportation
  1007 | D:2      | Reached skill level 3 in Spellcasting
  1869 | D:3      | Noticed Grinder
  1928 | D:2      | Slain by a gnoll

Illustrated notes

Levels and vault maps discovered:
D:1:      spicycebolla_green_bress_n_ham, layout_basic, minmay_door_square,
          minmay_pentomino_o2
D:2:      layout_loops_corners
D:3:      layout_loops_corners, chequers_temple_overflow_minitemple,
          basic_ecumenical_altar, uniq_natasha, uniq_grinder

Skill      XL: |  1  2  3 |
---------------+----------+-----
Fighting       | 1 |  1.5
Spellcasting   | 3 |  3.2
Dodging        | |  2.1
Stealth        | |  1.5

Action                     || total
---------------------------++-------
  Melee: Unarmed           ||     3
         Punch             ||     1
   Cast: Foxfire           ||    40
         Scorch            ||     6
 Armour: Robe              ||     2
  Dodge: Dodged            ||     6
